 Dungeon Crawl Stone Soup version 0.30-a0-996-ga6910c8ee8 (webtiles) character file.

Game seed: 12215921955816001973

166 cforsyth the Cudgeller (level 5, -1/43 HPs)
             Began as a Formicid Fighter on Apr 4, 2023.
             Was an Initiate of Ru.
             Slain by an orc
             ... wielding a +0 club
              (4 damage)
             ... on level 3 of the Dungeon.
             The game lasted 00:03:26 (2393 turns).

cforsyth the Cudgeller (Formicid Fighter)           Turns: 2393, Time: 00:03:27

Health: -1/43      AC:  6    Str: 21 (23) XL:     5   Next: 76%
Magic:  5/5        EV:  6    Int:  6 (7)  God:    Ru [......]
Gold:   50         SH: 12    Dex: 12 (13) Spells: 4/4 levels left

rFire   . . .      SeeInvis +    a - +0 flail
rCold   . . .      Faith    .    n - +0 tower shield
rNeg    . . .      Spirit   .    b - +0 scale mail
rPois   .          Reflect  .    (helmet unavailable)
rElec   .          Rampage  .    (no cloak)
rCorr   .                        (no gloves)
Will    .....                    (no boots) Stlth
                                 (no amulet)
HPRegen 0.27/turn                (no ring)
MPRegen 0.09/turn                (no ring)

@: mighty, flying
A: permanent stasis, dig shafts and tunnels, antennae 3, four strong arms
a: Dig, Shaft Self, Renounce Religion


You were on level 3 of the Dungeon.
You worshipped Ru.
Ru was noncommittal.
You visited 1 branch of the dungeon, and saw 3 of its levels.

You collected 50 gold pieces.

Inventory:

Hand Weapons
 a - a +0 flail (weapon)
Armour
 b - a +0 scale mail (worn)
 c - a +0 buckler
 n - a +0 tower shield (worn)
Jewellery
 i - a ring of flight
 l - an amulet of reflection
Scrolls
 e - a scroll of poison {unknown}
 f - 2 scrolls of identify {unknown}
 g - a scroll of acquirement {unknown}
 h - a scroll of vulnerability {unknown}
 j - a scroll of torment {unknown}
 k - 2 scrolls of amnesia {unknown}
 m - a scroll of immolation {unknown}
 o - 2 scrolls of fear {unknown}
Potions
 d - a potion of might


   Skills:
 + Level 4.5 Fighting
 * Level 4.6 Maces & Flails
 - Level 3.2 Armour
 - Level 4.0 Shields


You had 4 spell levels left.
You didn't know any spells.
Your spell library contained the following spells:

 Spells                   Type           Power      Damage    Failure   Level
 Necrotise                Necr           0%         1d4       100%        1
 Ozocubu's Armour         Ice            0%         N/A       100%        3
 Vampiric Draining        Necr           0%         2d6       100%        3
 Animate Dead             Necr           0%         N/A       100%        4
 Agony                    Necr           0%         N/A       100%        5
 Borgnjor's Vile Clutch   Necr/Erth      0%         N/A       100%        5
 Metabolic Englaciation   Hex/Ice        0%         N/A       100%        5
 Death Channel            Necr           0%         N/A       100%        6
 Simulacrum               Ice/Necr       0%         N/A       100%        6


Dungeon Overview and Level Annotations

Branches:
Dungeon (3/15)

Altars:
Ru

Shops:
D:2 [


Innate Abilities, Weirdness & Mutations

You cannot be hasted, slowed, berserked, paralysed or teleported.
You can dig through walls and to a lower floor.
You have a pair of large antennae on your head. (SInv)
Your four strong arms can wield two-handed weapons with a shield.


Message History

The orc wizard attacks as you move away!
The orc wizard hits you with a +0 dagger.
* * * LOW HITPOINT WARNING * * *
You barely miss the orc wizard.
The orc wizard is moderately wounded.
The orc wizard casts a spell at you. You resist with some effort.
It was a potion of degeneration.
There was something very wrong with that liquid.
You feel weakened.
You feel dopey.
You feel clumsy. The orc wizard casts a spell at you.
The puff of flame misses you.
It was a potion of flight.
You feel very buoyant.
You fly up into the air.
You feel very mighty all of a sudden.
You feel less confused.
The orc wizard hits you but does no damage.
The orc hits you with a +0 club.
* * * LOW HITPOINT WARNING * * *
You thump the orc wizard!
The orc wizard is almost dead.
The orc hits you but does no damage. You block the orc wizard's attack.
You block the orc's attack. The orc hits you but does no damage.
The orc wizard points at you and mumbles some strange words.
The puff of flame hits you!
* * * LOW HITPOINT WARNING * * *
The orc hits you but does no damage.
You sock the orc wizard!
You kill the orc wizard!
You block the orc's attack.
Unknown command.
You block the orc's attack. The orc hits you but does no damage.
You hit the orc.
The orc is moderately wounded.
You block the orc's attack. The orc hits you but does no damage.
You block the orc's attack. x2
You sock the orc!
You kill the orc!
The orc hits you with a +0 club.
You die...

.# #...###.........######...# ##
#....#..........#######'#### .#
#.'#######).....##...#...#.. .#
#.#)..#...#.....##.<.'.⌠.'.< .##
#.#)).#.).#.....##...#...#..
..####.#.......#.....#######'####
#.##...###._.###..........#...#..
#.##.###.......#.o........'.8.'..
#..#.#.#...#...#@###......#...#..
##>....#...#...#)# #########'####
.......+#######'.# #...#...#..
..........# #....### #.>.'.⌠.'.>
.......#### ##.....# #...#...#..
.......# #.##.....#########'####
.......# #..........## #...#
###.#### ####........# #.>.# #.#
###......).# #...#


You could see an orc.

Vanquished Creatures
  3 orc wizards (D:3)
  An adder (D:2)
  A worm (D:2)
  A dart slug (D:2)
  5 orcs (D:3)
  3 bats
  7 endoplasms
  A giant cockroach (D:1)
  4 goblins
  2 hobgoblins
  11 jackals
  4 quokkas
  5 ball pythons
  8 frilled lizards
  9 kobolds
  6 rats
71 creatures vanquished.

Notes
Turn   | Place    | Note
-------+----------+-------------------------------------------
     0 | D:1      | cforsyth the Formicid Fighter began the quest for the Orb.
     0 | D:1      | Reached XP level 1. HP: 18/18 MP: 1/1
    63 | D:1      | Reached XP level 2. HP: 22/24 MP: 2/2
   260 | D:1      | Reached XP level 3. HP: 30/30 MP: 3/3
  1067 | D:2      | Found Rass's Armour Shop.
  1087 | D:2      | Reached XP level 4. HP: 32/37 MP: 4/4
  2124 | D:3      | Found a sacrificial altar of Ru.
  2135 | D:3      | Reached XP level 5. HP: 39/42 MP: 5/5
  2141 | D:3      | Became a worshipper of Ru the Awakened
  2389 | D:3      | HP: 2/43 [orc wizard/puff of flame (7)]
  2393 | D:3      | Slain by an orc

Illustrated notes

Levels and vault maps discovered:
D:1:      heliophobic_arrival_ceremonial_halls, layout_basic,
          dreamdust_princess_corridor, chequers_decorated_corner, st_stairs_13
D:2:      layout_loops_ring, serial_shops, shop_fountains, kennysheep_crisscross
D:3:      layout_basic, nicolae_ru_great_annihilating_truth,
          nicolae_elevator_lobby_plus

Skill      XL: |  1  2  3  4 |
---------------+-------------+-----
Maces & Flails | 3 4 |  4.6
Fighting       | 4 |  4.5
Armour         | |  3.2
Shields        | |  4.0

Action                     |  1- 3 |  4- 6 || total
---------------------------+-------+-------++-------
  Melee: Flail             |   115 |    93 ||   208
    Use: Potion            |       |     3 ||     3
   Stab: Paralysed         |       |     1 ||     1
 Armour: Scale mail        |    82 |    54 ||   136
  Dodge: Dodged            |    67 |    23 ||    90
  Block: Buckler           |    35 |     3 ||    38
         Tower shield      |       |    72 ||    72

Table legend: (Time is in decaauts)
 A = Elapsed time spent in this place.
 B = Non-inter-level travel time spent in this place.
 C = Inter-level travel time spent in this place.
 D = Time resting spent in this place.
 E = Time spent auto-exploring this place.
 F = Levels seen in this place.
 G = Mean time per level.
                   A        B        C        D        E       F      G
               +--------+--------+--------+--------+--------+-----+--------+
         Total |   2469 |   2404 |     65 |      0 |   1891 |   3 |  823.0 |
       Dungeon |   2469 |   2404 |     65 |      0 |   1891 |   3 |  823.0 |
               +--------+--------+--------+--------+--------+-----+--------+

Top non-repeatable levels by time:
     D:1: 1047 daAuts
     D:2: 819 daAuts
     D:3: 602 daAuts
